 Dungeon Crawl Stone Soup version 0.31-a0-1570-g93c622d222 (webtiles) character file.

Game seed: 1916461204201491563

63 bobo the Trooper (level 4, -1/48 HPs)
             Began as an Oni Gladiator on Jan 3, 2024.
             Slain by a gnoll
             ... wielding a +0 halberd
              (12 damage)
             ... on level 2 of the Dungeon.
             The game lasted 00:04:35 (893 turns).

bobo the Trooper (Oni Gladiator)                     Turns: 893, Time: 00:04:35

Health: -1/48      AC:  4    Str: 20    XL:     4   Next: 9%
Magic:  4/4        EV: 10    Int:  9    God:
Gold:   105        SH:  0    Dex: 10    Spells: 3/3 levels left

rFire   . . .        a - +0 flail
rCold   . . .        (no shield)
rNeg    . . .        b - +0 robe
rPois   .            c - +1 hat
rElec   .            (no cloak)
rCorr   .            (gloves unavailable)
SInv    .            (boots unavailable)
Will    .....        (no amulet)
Stlth   +            (no ring)
HPRegen 0.28/turn    (no ring)
MPRegen 0.09/turn

%: no passive effects
@: mighty, weak-willed
A: large, unfitting armour, horns 1, tough skin 1, double potion healing,
drunken brawling
a: no special abilities


You were on level 2 of the Dungeon.
You visited 1 branch of the dungeon, and saw 2 of its levels.

You collected 105 gold pieces.

Inventory:

Hand Weapons
 a - a +0 flail (weapon)
Missiles
 d - 5 throwing nets (quivered)
 e - a large rock
 h - 3 datura-tipped darts
Armour
 b - a +0 robe (worn)
 c - a +1 hat (worn)
Jewellery
 j - an amulet of the acrobat
Scrolls
 f - a scroll of identify
 i - 2 scrolls of teleportation
Potions
 m - a potion of attraction {unknown}
 n - a potion of curing {unknown}
 p - a potion of lignification {unknown}
 q - a potion of heal wounds {unknown}
 r - a potion of cancellation {unknown}


   Skills:
 * Level 3.8 Fighting
 * Level 3.7 Maces & Flails
 + Level 2.5 Throwing
 + Level 3.0 Dodging


You had 3 spell levels left.
You didn't know any spells.
Your spell library was empty.

Dungeon Overview and Level Annotations

Branches:
Dungeon (2/15)

Altars:

Annotations:
D:2 Sigmund


Innate Abilities, Weirdness & Mutations

You are too large for most types of armour.
You have a pair of small horns on your head.
You have tough skin. (AC +1)
You gain doubled healing and magic from potions.
Whenever you drink a healing potion, you attack all around you.


Message History

The jackal closely misses you. The jackal bites you.
You sock the jackal!
You kill the jackal!
You barely miss the gnoll. You headbutt the gnoll!
The gnoll is severely wounded.
The gnoll hits you with a +0 flail. The gnoll barely misses you.
You thump the gnoll!
You kill the gnoll!
The gnoll hits you from afar with a +0 spear.
The gnoll attacks as it pursues you! The gnoll hits you but does no damage.
The gnoll hits you with a +0 spear!
You closely miss the gnoll. The gnoll closely misses you.
You sock the gnoll! You headbutt the gnoll.
You kill the gnoll!
You sock the gnoll!
The gnoll is severely wounded.
The gnoll hits you with a +0 whip. The gnoll misses you.
You thump the gnoll!
You kill the gnoll!
The kobold throws a stone.
The stone closely misses you.
Your Dodging skill increases to level 3!
You have reached level 4!
The kobold closely misses you. The gnoll barely misses you.
You closely miss the kobold. Your headbutt misses the kobold.
The kobold hits you with a +0 dagger. The gnoll closely misses you.
You thump the kobold!
You kill the kobold!
The gnoll hits you from afar with a +0 halberd.
The gnoll closely misses you.
Items here: ( )))) ††.
You hit the gnoll.
The gnoll is heavily wounded.
Sigmund the Dreaded comes into view.
He is wielding a +2 scythe of venom.
The gnoll hits you with a +0 halberd!
* * * LOW HITPOINT WARNING * * *
Sigmund shouts!
You hit the gnoll.
The gnoll is severely wounded.
The gnoll hits you with a +0 halberd!
You die...

#.<#..###.#.#####.#
########## # #.. #.#.#
##.######### # #. #.#.#
#..........# # #..# .#.(#
#..#######[# # . ...###.#
#...# #.#### ..
..#..####.#.## #..... .##
...........# ######
.....#.####.#..##########
#....g@...#..<.........
..@.##.######.###.##.####
. #. ##.###.##..#
#.#####.#.##...#.#
#^.....###...#...###
#.#####.#.##.###...# #.
##.###..#.(#†. .. #.#
##...###. .[# ###...#.


You could see Sigmund and a gnoll (weak-willed).

Vanquished Creatures
  3 gnolls (D:2)
  4 bats
  3 endoplasms (D:1)
  A giant cockroach (D:1)
  2 hobgoblins (D:1)
  A jackal (D:2)
  A quokka (D:1)
  4 ball pythons
  4 frilled lizards
  5 goblins (D:1)
  A kobold (D:2)
  3 rats
32 creatures vanquished.

Notes
Turn   | Place    | Note
-------+----------+-------------------------------------------
     0 | D:1      | bobo the Oni Gladiator began the quest for the Orb.
     0 | D:1      | Reached XP level 1. HP: 22/22 MP: 1/1
   144 | D:1      | Reached XP level 2. HP: 31/31 MP: 2/2
   494 | D:1      | Reached XP level 3. HP: 37/37 MP: 3/3
   887 | D:2      | Reached XP level 4. HP: 20/48 MP: 4/4
   892 | D:2      | Noticed Sigmund
   893 | D:2      | Slain by a gnoll

Illustrated notes

Levels and vault maps discovered:
D:1:      tarquinn_simple_flora_water_b, layout_loops_ring,
          minmay_split_cup_large
D:2:      layout_loops_ring, serial_shops, nicolae_shop_tiny_waterfront,
          minmay_pentomino_r2, uniq_sigmund, uniq_natasha

Skill      XL: |  1  2  3 |
---------------+----------+-----
Fighting       | 3 |  3.8
Dodging        | 3 |  3.0
Maces & Flails | |  3.7
Throwing       | |  2.5

Action                     |  1- 3 |  4- 6 || total
---------------------------+-------+-------++-------
  Melee: Flail             |    57 |     4 ||    61
         Headbutt          |    14 |       ||    14
    Use: Scroll            |     5 |       ||     5
         Potion            |     1 |       ||     1
   Stab: Sleeping          |     1 |       ||     1
 Armour: Robe              |    33 |     4 ||    37
  Dodge: Dodged            |    38 |     4 ||    42

Table legend: (Time is in decaauts)
 A = Elapsed time spent in this place.
 B = Non-inter-level travel time spent in this place.
 C = Inter-level travel time spent in this place.
 D = Time resting spent in this place.
 E = Time spent auto-exploring this place.
 F = Levels seen in this place.
 G = Mean time per level.
                   A        B        C        D        E       F      G
               +--------+--------+--------+--------+--------+-----+--------+
         Total |    906 |    874 |     32 |      0 |    676 |   2 |  453.0 |
       Dungeon |    906 |    874 |     32 |      0 |    676 |   2 |  453.0 |
               +--------+--------+--------+--------+--------+-----+--------+

Top non-repeatable levels by time:
     D:1: 743 daAuts
     D:2: 162 daAuts
